 Dungeon Crawl Stone Soup version 0.20.1-1-g8b1a95d (webtiles) character file.

2089 equalderp2856 the Cleaver (level 9, 0/75 HPs)
             Began as a Minotaur Fighter on Aug 6, 2017.
             Slain by an orc warrior
             ... wielding a +0 halberd
              (3 damage)
             ... on level 7 of the Dungeon.
             The game lasted 00:18:00 (7070 turns).

equalderp2856 the Cleaver (Minotaur Fighter)        Turns: 7070, Time: 00:18:00

Health: 0/75       AC: 11    Str: 21    XL:     9   Next: 6%
Magic:  9/10       EV:  7    Int:  6    God:
Gold:   324        SH: 11    Dex: 12    Spells: 8/10 levels left

rFire    . . .     SeeInvis .   a - +0 war axe
rCold    . . .     Gourm    .   c - +0 shield
rNeg     . . .     Faith    .   q - +0 chain mail
rPois    .         Spirit   .   (helmet restricted)
rElec    .         Reflect  .   (no cloak)
rCorr    .         Harm     .   (no gloves)
MR       .....                  A - +0 pair of boots
Stlth    ..........             (no amulet)
Regen    0.3/turn               P - ring of wizardry
MPRegen  0.2/turn               Q - +2 ring of slaying

@: hasted, very quick
A: retaliatory headbutt, horns 2
a: no special abilities


You were on level 7 of the Dungeon.
You were not hungry.

You visited 1 branch of the dungeon, and saw 7 of its levels.
You also visited: Sewer.

You collected 366 gold pieces.
You spent 42 gold pieces at shops.

Inventory:

Hand Weapons
 a - a +0 war axe (weapon)
 r - a +0 hunting sling
 y - a +0 hand crossbow
 E - a +0 war axe
 N - a +0 rapier
Missiles
 j - 18 sling bullets
 o - 32 poisoned needles
 z - 111 stones (quivered)
 F - 68 bolts
 G - 37 arrows
Armour
 b - a +0 scale mail
 c - a +0 shield (worn)
 p - a +0 shield
 q - a +0 chain mail (worn)
 s - a +0 robe
 A - a +0 pair of boots (worn)
 O - a +1 pair of boots of running
Jewellery
 k - an uncursed ring of see invisible {unknown}
 u - an uncursed ring of stealth
 P - a ring of wizardry (left hand)
 Q - a +2 ring of slaying (right hand)
Wands
 H - a wand of polymorph (2/24)
 J - a wand of lightning (3/15)
 K - a wand of digging (7/24)
Scrolls
 e - 9 scrolls of identify {unknown}
 g - 2 scrolls of random uselessness {unknown}
 h - 2 scrolls of immolation {unknown}
 i - 4 scrolls of teleportation {unknown}
 t - 2 scrolls of magic mapping {unknown}
 w - 7 scrolls of remove curse {unknown}
 x - 3 scrolls of amnesia {unknown}
 B - a scroll of enchant weapon {unknown}
 M - a scroll of acquirement {unknown}
 R - a scroll of blinking {unknown}
 T - a scroll of fog {unknown}
Potions
 d - 5 potions of might
 l - 2 potions of haste
 n - 3 potions of curing
 v - a potion of brilliance {unknown}
 D - a potion of agility {unknown}
 L - a potion of lignification {unknown}
 S - a potion of flight {unknown}
Books
 C - a book of Cantrips

   Spells                             Type                      Level
   a - Confusing Touch                Hexes                        1
   b - Animate Skeleton               Necromancy                   1
   c - Summon Small Mammal            Summoning                    1
   d - Apportation                    Translocation                1
 I - a book of Maledictions

   Spells                             Type                      Level
   a - Corona                         Hexes                        1
   b - Ensorcelled Hibernation        Hexes/Ice                    2
   c - Confuse                        Hexes                        3
   d - Tukima's Dance                 Hexes                        3
   e - Dazzling Spray                 Conjuration/Hexes            3
Comestibles
 f - 8 bread rations
 m - 4 meat rations


   Skills:
 + Level 6.0 Fighting
 + Level 8.7 Axes
 + Level 6.8 Armour
 + Level 2.9 Dodging
 + Level 1.0 Stealth
 + Level 7.5 Shields
 + Level 1.5 Unarmed Combat
 * Level 1.3 Spellcasting
 * Level 0.9 Hexes


You had 8 spell levels left.
You knew the following spells:

 Your Spells              Type           Power        Failure   Level  Hunger
a - Confusing Touch       Hex            #.....       91%         1    ##.....
b - Summon Small Mammal   Summ           #...         96%         1    ##.....


Dungeon Overview and Level Annotations

Branches:
Dungeon (7/15)             Temple (0/1) D:6

Altars:
Elyvilon
Gozag
Nemelex Xobeh
Ru
Xom
Yredelemnul
Zin

Shops:
D:4 *

Annotations:
D:6 Menkaure


Innate Abilities, Weirdness & Mutations

You reflexively headbutt those who attack you in melee.
You have a pair of horns on your head.


Message History

You hit the orc warrior but do no damage.
The orc priest calls upon Beogh to heal the orc warrior.
The orc warrior's wounds heal themselves!
The orc warrior hits you with a halberd.
You block the orc priest's attack.
The orc priest calls down the wrath of Beogh upon you.
Beogh smites you!
* * * LOW HITPOINT WARNING * * *
The orc priest mumbles some strange prayers to Beogh against you.
Beogh smites you!
* * * LOW HITPOINT WARNING * * *
An orc comes into view. It is wielding a flail.
Okay, then.
Okay, then.
Okay, then.
It was a potion of haste.
You feel yourself speed up.
The orc shouts!
The orc priest hits you but does no damage.
The orc warrior hits you with a halberd.
You die...

#### #..# ...o ## #..#
...oo #..##..# ..o..
############......#....o.
...........#......#......
...........#..###'#oo....
...........####.@o..oo.#
.................o.....#
#.........†.....)).....#
####+######....).).....#
#...<........#
#####........# #........#
# +........#
....####........###


You could see an orc warrior, 3 orc priests, an orc wizard and 2 orcs.

Vanquished Creatures
  Grinder (D:5)
  Eustachio (D:5)
  A water moccasin (D:5)
  2 ice beasts
  A sky beast (D:6)
  An ogre (D:6)
  A centaur (D:6)
  3 bullfrogs
  4 wights (D:7)
  2 howler monkeys
  2 crimson imps (D:5)
  A quasit (D:6)
  5 hounds
  2 orc wizards (D:6)
  An orc priest (D:6)
  A jelly (D:6)
  A bullfrog skeleton (D:5)
  A human skeleton (D:3)
  Natasha (thrice) (D:3)
  2 worker ants
  A worker ant zombie (D:6)
  9 adders
  2 shadow imps (D:6)
  An adder skeleton (D:4)
  2 dart slugs
  6 leopard geckos
  8 orcs
  12 giant cockroaches
  8 goblins
  6 hobgoblins
  23 jackals
  2 quokkas
  2 ball pythons
  A ball python zombie (D:6)
  10 bats
  12 frilled lizards
  A goblin skeleton (D:3)
  17 kobolds
  5 rats
  13 plants (Sewer)
177 creatures vanquished.

Vanquished Creatures (others)
  An orc wizard (D:6)
  A plant (Sewer)
2 creatures vanquished.

Grand Total: 179 creatures vanquished

Notes
Turn   | Place    | Note
-------+----------+-------------------------------------------
     0 | D:1      | equalderp2856 the Minotaur Fighter began the quest for the Orb.
     0 | D:1      | Reached XP level 1. HP: 19/19 MP: 0/0
    81 | D:1      | Reached XP level 2. HP: 26/27 MP: 1/1
   443 | D:1      | Reached XP level 3. HP: 28/33 MP: 2/2
   904 | D:2      | Reached skill level 3 in Axes
  1025 | D:2      | Reached XP level 4. HP: 29/40 MP: 3/3
  1226 | D:2      | Found a white marble altar of Elyvilon.
  1226 | D:2      | Found a sacrificial altar of Ru.
  1227 | D:2      | Found an opulent altar of Gozag.
  1658 | D:3      | Noticed Natasha
  1664 | D:3      | Killed Natasha
  1666 | D:3      | Noticed Natasha
  1677 | D:3      | Killed Natasha
  1677 | D:3      | Reached skill level 4 in Axes
  1677 | D:3      | Reached XP level 5. HP: 33/46 MP: 4/4
  1775 | D:3      | Noticed Natasha
  1786 | D:3      | Killed Natasha
  1817 | D:3      | Found a runed door.
  1817 | D:3      | Noticed a human
  1832 | D:3      | Found a basalt altar of Yredelemnul.
  2201 | D:3      | Found a sparkling altar of Nemelex Xobeh.
  2365 | D:3      | Reached skill level 5 in Axes
  2673 | D:3      | Reached skill level 1 in Dodging
  2838 | D:4      | Found a glowing silver altar of Zin.
  2855 | D:4      | Reached XP level 6. HP: 53/53 MP: 5/5
  2861 | D:4      | Reached skill level 5 in Shields
  2982 | D:4      | Found Hagrunt's General Store.
  2994 | D:4      | Bought a scroll of fear for 42 gold pieces
  3013 | D:4      | Found a shimmering altar of Xom.
  3019 | D:4      | Found a shimmering altar of Xom.
  3020 | D:4      | Found a shimmering altar of Xom.
  3020 | D:4      | Found a shimmering altar of Xom.
  3021 | D:4      | Found a shimmering altar of Xom.
  3021 | D:4      | Found a shimmering altar of Xom.
  3435 | D:4      | Found a shimmering altar of Xom.
  3656 | D:5      | Entered Level 5 of the Dungeon
  3659 | D:5      | Noticed an ice beast
  3666 | D:5      | Reached skill level 5 in Armour
  3674 | D:5      | Killed an ice beast
  3674 | D:5      | Reached skill level 6 in Axes
  3783 | D:5      | Reached XP level 7. HP: 58/60 MP: 6/6
  3981 | D:5      | Learned a level 1 spell: Confusing Touch
  3983 | D:5      | Learned a level 1 spell: Summon Small Mammal
  4055 | D:5      | Noticed Grinder
  4066 | D:5      | Killed Grinder
  4066 | D:5      | Reached skill level 5 in Fighting
  4116 | D:5      | Reached skill level 7 in Axes
  4270 | D:5      | Noticed Eustachio
  4559 | D:5      | Killed Eustachio
  4559 | D:5      | Reached XP level 8. HP: 68/68 MP: 7/7
  4713 | D:6      | Reached skill level 1 in Unarmed Combat
  4913 | D:6      | Found a glowing drain.
  4925 | Sewer    | Entered a sewer
  6086 | D:6      | Found a staircase to the Ecumenical Temple.
  6126 | D:6      | Reached skill level 8 in Axes
  6210 | D:6      | Reached skill level 1 in Stealth
  6211 | D:6      | HP: 2/70 [bullfrog (6)]
  6763 | D:6      | Reached skill level 1 in Spellcasting
  6787 | D:6      | Noticed Menkaure
  6990 | D:7      | Reached XP level 9. HP: 71/75 MP: 9/9
  7069 | D:7      | HP: 3/75 [orc priest/divine providence (16)]
  7070 | D:7      | Slain by an orc warrior

Skill      XL: |  1  2  3  4  5  6  7  8  9 |
---------------+----------------------------+-----
Armour         | 4 5 6 |  6.8
Shields        | 4 5 6 7 |  7.5
Axes           | 3 4 5 6 7 8 |  8.7
Fighting       | 4 5 6 |  6.0
Dodging        | 1 2 |  2.9
Unarmed Combat | 1 |  1.5
Stealth        | 1 |  1.0
Spellcasting   | 1 |  1.3
Hexes          | |  0.9

Action                   |  1- 3 |  4- 6 |  7- 9 || total
-------------------------+-------+-------+-------++-------
Melee: War axe           |    93 |   180 |   389 ||   662
       Headbutt          |    17 |    27 |    79 ||   123
       Unarmed           |       |       |    22 ||    22
  Use: Potion            |       |     1 |     4 ||     5
       Scroll            |       |       |     2 ||     2
  Eat: Chunk             |       |     8 |     9 ||    17
       Fruit             |       |     1 |       ||     1
       Bread ration      |       |       |     1 ||     1
Armor: Scale mail        |    33 |       |       ||    33
       Chain mail        |    39 |   101 |   156 ||   296
       Skin              |       |       |     1 ||     1
Dodge: Dodged            |    37 |    43 |   165 ||   245
Block: Shield            |    78 |   121 |   178 ||   377
